 Dungeon Crawl Stone Soup version 0.28.0-47-ge53b351184 (webtiles) character file.

Game seed: 5278350619442656076

107 boopmooplesden the Covered (level 4, -7/40 HPs)
             Began as a Minotaur Fighter on May 5, 2022.
             Mangled by Duvessa
             ... wielding a +0 rapier
              (11 damage)
             ... on level 6 of the Dungeon.
             The game lasted 00:02:16 (1398 turns).

boopmooplesden the Covered (Minotaur Fighter)       Turns: 1398, Time: 00:02:17

Health: -7/40      AC: 13    Str: 20    XL:     4   Next: 57%
Magic:  3/3        EV:  5    Int:  5    God:
Gold:   61         SH:  5    Dex: 12    Spells: 3/3 levels left

rFire   . . .      SeeInvis .   a - +0 war axe
rCold   . . .      Faith    .   c - +0 buckler
rNeg    . . .      Spirit   .   o - +0 plate armour
rPois   .          Reflect  .   (helmet restricted)
rElec   .          Harm     .   (no cloak)
rCorr   .          Rampage  .   (no gloves)
Will    .....                   p - +0 pair of boots
Stlth   ..........              (no amulet)
HPRegen 0.13/turn               (no ring)
MPRegen 0.08/turn               (no ring)

@: marked
A: horns 2, retaliatory headbutt
a: no special abilities


You were on level 6 of the Dungeon.
You visited 1 branch of the dungeon, and saw 4 of its levels.

You collected 61 gold pieces.

Inventory:

Hand Weapons
 a - a +0 war axe (weapon)
Armour
 b - a +0 scale mail
 c - a +0 buckler (worn)
 o - a +0 plate armour (worn)
 p - a +0 pair of boots (worn)
Jewellery
 i - a ring of protection from fire
Scrolls
 e - a scroll of amnesia {unknown}
 f - a scroll of holy word {unknown}
 h - a scroll of magic mapping
 k - a scroll of identify {unknown}
 l - a scroll of fear {unknown}
 m - a scroll of enchant armour {unknown}
 n - a scroll of vulnerability {unknown}
Potions
 d - a potion of might
 j - a potion of ambrosia


   Skills:
 + Level 4.1 Fighting
 + Level 4.0 Axes
 + Level 4.5 Armour
 + Level 0.8 Dodging
 + Level 4.2 Shields


You had 3 spell levels left.
You didn't know any spells.
Your spell library was empty.

Dungeon Overview and Level Annotations

Branches:
Dungeon (3/15)

Altars:
Cheibriados

Annotations:
D:6 Dowan, Duvessa


Innate Abilities, Weirdness & Mutations

You have a pair of horns on your head.
You reflexively headbutt those who attack you in melee.


Message History

The orc wizard gestures at you while chanting.
The magic dart hits you but does no damage.
Duvessa hits you with a +0 rapier.
* * * LOW HITPOINT WARNING * * *
A necrophage comes into view.
An orc comes into view. It is wielding a +0 hand axe.
Found 22 stones and a scroll labelled YRRIGEMAUKIFA.
An orc wizard comes into view. It is wielding a +0 dagger.
Duvessa hits you but does no damage.
You're too confused to move!
Duvessa barely misses you.
You hit the orc wizard. You headbutt the orc wizard.
The orc wizard is heavily wounded.
You miss Dowan. You hit the orc. You barely miss Duvessa.
Duvessa hits you with a +0 rapier.
Dowan says, "Stay away from my face!"
Dowan hits you but does no damage. Duvessa hits you but does no damage.
The orc wizard hits you but does no damage.
The orc hits you but does no damage.
The orc priest begins to cast a cantrip, but forgets the words!
The orc wizard casts a spell.
The orc wizard flickers and vanishes!
Deactivating autopickup; reactivate with Ctrl-A.
The orc wizard gestures wildly while chanting.
The orc wizard flickers and vanishes!
The iguana bites you!
* * * LOW HITPOINT WARNING * * *
Duvessa hits you with a +0 rapier.
* * * LOW HITPOINT WARNING * * *
You feel less invigorated.
You feel less confused. You block Duvessa's attack.
You block the iguana's attack.
You miss something. Your headbutt misses something. You hit the orc.
You hit Duvessa but do no damage. You hit the iguana. You closely miss Dowan.
Duvessa barely misses you. Dowan barely misses you. You furiously retaliate!
You headbutt Dowan, but do no damage. The orc hits you with a +0 whip.
* * * LOW HITPOINT WARNING * * *
You hear some strange, mumbled words.
Something tries to affect you, but you resist.
Duvessa says, "When magic and the sword combine, nothing stands against them."
Duvessa hits you with a +0 rapier!
You die...

*,,,,,,,,,,+,,,,,+.......#,,,,,+.
*,,,,,,,,,,*,,,,,#.......#,,,,,*.
*,,,,,,,,.,*,,,,,#.......#,,,,.#.
*,,,,,,,,.?#+#####.......##+##.#.
******,,,..........o....##..##.##
,,,,,+,,,........Yn.....#........
,,,,,*,,,.(....oooo....g#........
,,,,,*,,,.......elog....'........
,,,,,*,,,.......@eo.....#./o.....
,,,,,*,,,........o......#........
,,,,,*,,,...............#........
,,,,,*,,,...............#........
***+**,,,...............######...
*,,**+*#.....########## #...
*,,,,,,#.....* #...
*,,,,,,#.....* #...
*,,,,,,*,,,,,* #...


You could see Duvessa (fast), an ice beast, a necrophage, Dowan, an iguana, an
orc priest, 2 gnolls and 7 orcs.

Vanquished Creatures
  An orc wizard (D:2)
  2 adders (D:2)
  2 worms (D:2)
  3 orcs (D:2)
  A bat (D:1)
  3 endoplasms
  3 giant cockroaches
  4 goblins (D:1)
  9 hobgoblins
  6 jackals (D:1)
  2 quokkas (D:1)
  5 ball pythons
  4 frilled lizards
  4 kobolds
  2 rats
51 creatures vanquished.

Notes
Turn   | Place    | Note
-------+----------+-------------------------------------------
     0 | D:1      | boopmooplesden the Minotaur Fighter began the quest for the
                  | Orb.
     0 | D:1      | Reached XP level 1. HP: 19/19 MP: 0/0
   103 | D:1      | Found a faded altar of an unknown god.
   114 | D:1      | Reached XP level 2. HP: 20/27 MP: 1/1
   421 | D:1      | Reached XP level 3. HP: 28/33 MP: 2/2
   630 | D:2      | Reached XP level 4. HP: 23/40 MP: 3/3
   928 | D:2      | Found a snail-covered altar of Cheibriados.
  1362 | D:3      | You fall into a shaft and drop 3 floors!
  1362 | D:6      | Noticed Duvessa
  1362 | D:6      | Noticed Dowan
  1391 | D:6      | Noticed an ice beast
  1391 | D:6      | Noticed a necrophage
  1398 | D:6      | Mangled by Duvessa

Illustrated notes

Levels and vault maps discovered:
D:1:      noname_arrival_rooms_in_the_neighbourhood, layout_basic,
          hellmonk_ecumenical_altar_dog_temple
D:2:      layout_rooms, basic_altar
D:3:      layout_basic, minmay_diced_spiral
D:6:      layout_gridville, chequers_jeans, uniq_duvessa

Skill      XL: |  1  2  3  4 |
---------------+-------------+-----
Fighting       | 4 |  4.1
Shields        | 4 |  4.2
Armour         | 4 |  4.5
Axes           | 3 4 |  4.0
Dodging        | |  0.8

Action                   |  1- 3 |  4- 6 || total
-------------------------+-------+-------++-------
Melee: War axe           |    58 |    37 ||    95
       Headbutt          |     9 |     7 ||    16
  Use: Scroll            |       |     2 ||     2
       Potion            |       |     1 ||     1
Armor: Scale mail        |    32 |     7 ||    39
       Plate armour      |       |    13 ||    13
Dodge: Dodged            |    28 |    17 ||    45
Block: Buckler           |    18 |    12 ||    30
